 Dungeon Crawl Stone Soup version 0.20.0-15-g7f486f2 (webtiles) character file.

150 raph the Chopper (level 5, -3/45 HPs)
             Began as a Hill Orc Monk on June 18, 2017.
             Slain by Feta's ghost (7 damage)
             ... on level 4 of the Dungeon.
             The game lasted 00:03:48 (2507 turns).

raph the Chopper (Hill Orc Monk)                    Turns: 2507, Time: 00:03:48

Health: -3/45      AC:  9    Str: 14    XL:     5   Next: 32%
Magic:  5/5        EV:  6    Int: 10    God:
Gold:   129        SH:  0    Dex: 14    Spells: 4/4 levels left

rFire    . . .     SeeInvis .   a - +0 hand axe
rCold    . . .     Gourm    .   (no shield)
rNeg     . . .     Faith    .   l - +0 chain mail (curse)
rPois    .         Spirit   .   (no helmet)
rElec    .         Reflect  .   (no cloak)
rCorr    .         Harm     .   (no gloves)
MR       +....                  r - +0 pair of boots
Stlth    ..........             (no amulet)
Regen    0.2/turn               d - ring of protection from magic
MPRegen  0.1/turn               (no ring)

@: drained
A: no striking features
a: no special abilities


You were on level 4 of the Dungeon.
You were not hungry.

You visited 1 branch of the dungeon, and saw 4 of its levels.

You collected 129 gold pieces.

Inventory:

Hand Weapons
 a - a +0 hand axe (weapon)
Armour
 b - a +0 robe
 l - a cursed +0 chain mail (worn)
 r - a +0 pair of boots (worn)
Jewellery
 d - a ring of protection from magic (left hand)
Wands
 j - a wand of iceblast (7/15)
Scrolls
 e - a scroll of teleportation {unknown}
 f - 4 scrolls of remove curse {unknown}
 h - a scroll of blinking {unknown}
 i - a scroll of enchant weapon {unknown}
 n - 2 scrolls of recharging {unknown}
 p - 2 scrolls of identify {unknown}
Potions
 g - 2 potions of degeneration {unknown}
 k - a potion of cancellation {unknown}
 o - a potion of lignification {unknown}
Comestibles
 c - 3 bread rations
 q - 4 fruits


   Skills:
 - Level 3.6(2.7) Fighting
 * Level 7.6(6.7) Axes
 - Level 0.4(0.0) Armour
 - Level 2.4(1.5) Dodging
 - Level 1.5(0.7) Stealth


You had 4 spell levels left.
You didn't know any spells.

Dungeon Overview and Level Annotations

Branches:
Dungeon (4/15)
 Temple: D:4-7

Altars:

Annotations:
D:3 Quirk's ghost, amateur DsFi
D:4 Feta's ghost, novice FoFi


Message History

Feta's ghost hits you!
You feel drained.
You completely miss the jackal. You barely miss Feta's ghost.
The jackal bites you.
You hit the jackal but do no damage. You hit Feta's ghost but do no damage.
Feta's ghost hits you but does no damage.
You feel drained.
The jackal bites you but does no damage.
A jackal comes into view.
You barely miss the jackal. You barely miss Feta's ghost.
The jackal barks!
The jackal bites you. Feta's ghost hits you!
* * * LOW HITPOINT WARNING * * *
You feel drained.
* * * LOW HITPOINT WARNING * * *
The jackal bites you.
* * * LOW HITPOINT WARNING * * *
As you read the scroll labeled ZEALYPT YLUYNA, it crumbles to dust.
It is a scroll of amnesia.
You feel forgetful for a moment. Feta's ghost hits you!
You die...

#.......W#####
#........)...#
#........###.#
#........# #.#
#........# #.#
###<###### #.#
#.# #.#
#.########W#
#.#..h..h@.#
#.#.########
#.# #.# ..#
###


You could see Feta's ghost and 2 jackals.

Vanquished Creatures
  An ogre (D:4)
  An adder (D:4)
  An ooze (D:3)
  A worm (D:2)
  A leopard gecko (D:2)
  A bat (D:2)
  2 giant cockroaches
  4 goblins
  10 hobgoblins
  A jackal (D:4)
  A quokka (D:2)
  3 ball pythons
  5 frilled lizards
  7 kobolds
  3 rats
42 creatures vanquished.

Notes
Turn   | Place    | Note
-------+----------+-------------------------------------------
     0 | D:1      | raph the Hill Orc Monk began the quest for the Orb.
     0 | D:1      | Reached XP level 1. HP: 19/19 MP: 1/1
   400 | D:1      | Reached XP level 2. HP: 26/26 MP: 2/2
   699 | D:1      | Reached skill level 5 in Axes
  1121 | D:2      | Reached XP level 3. HP: 29/31 MP: 3/3
  2312 | D:3      | Reached skill level 6 in Axes
  2455 | D:3      | Noticed Quirk's ghost (amateur DsFi)
  2471 | D:4      | Noticed an ogre
  2478 | D:4      | Reached XP level 4. HP: 39/39 MP: 4/4
  2489 | D:4      | Killed an ogre
  2489 | D:4      | Reached skill level 7 in Axes
  2489 | D:4      | Reached XP level 5. HP: 27/45 MP: 5/5
  2490 | D:4      | Noticed Feta's ghost (novice FoFi)
  2507 | D:4      | Slain by Feta's ghost

Skill      XL: |  1  2  3  4 |
---------------+-------------+-----
Axes           | 5 6 7 |  7.6
Fighting       | |  3.6
Armour         | |  0.4
Dodging        | |  2.4
Stealth        | |  1.5

Action                   |  1- 3 |  4- 6 || total
-------------------------+-------+-------++-------
Melee: Hand axe          |   115 |    17 ||   132
  Use: Scroll            |       |     1 ||     1
 Stab: Sleeping          |     3 |       ||     3
  Eat: Chunk             |     5 |       ||     5
Armor: Robe              |    11 |       ||    11
       Chain mail        |    26 |     5 ||    31
Dodge: Dodged            |    61 |     3 ||    64
